Unix NetHack Version 5.0.0-0 post-release - last build Jun 10 2026 00:39:30 (3ee93aec679c4c4259841fe613dc97188e26a321,branch:main).

Game began 2026-06-14 02:32:32, ended 2026-06-14 03:07:00.

Felix1, neutral male human Barbarian

                                                         #########       -----
                                                         #-------#####   |.).|
                                                         #|.....|    ####....|
           ------------         ##########%##########[#[##|.....?        -|---
           |.........>|         #-------------         ([#[)....|        ##
           |...........###    ###|C.........C|##########  |.....|        #
           |..........|  ######  |.....C.....|#           -.....|        #
           |...^.......#######   |...-----...|#       #   |...<.|      ###
           ------------     #    |...|.{@|)..|#     ###   -------      #
                            #    |..C|{@)|C..|#     #                  #
                            #    |...|.{.|...|#    )#                  #
                            #    |..)---o-...|# ####                   ###``
                            ##   |..)..C....)|# #                     -.---.-
                             ####|C.........)[)##                     |.[...|
                                #-------------#                       |.....|
                                ###############                       |.....|
                                                                      -------

Felix1 the Bandit          St:18/01 Dx:16 Co:18 In:8 Wi:7 Ch:6  Neutral
Dlvl:5  $:213 HP:0(67) Pw:14(14) AC:5  Xp:6 T:3763  Burdened

Latest messages:
 This cream pie is delicious!
 You see the garter snake slither under a pair of iron shoes.
 You see here a statue of a plains centaur.
 A rock piercer suddenly drops from the ceiling!
 You are hit by a falling rock piercer!
 You smite the rock piercer!
 You kill the rock piercer!
 A garter snake was hidden under a pair of iron shoes!
 The garter snake bites!
 The garter snake bites!
 You miss the garter snake.
 The garter snake bites!
 You kill the garter snake!
 The Uruk-hai shoots 2 poisoned orcish arrows!
 The 1st poisoned orcish arrow misses you.
 The 2nd poisoned orcish arrow misses you.
 There is a rock piercer corpse here; eat it? [ynq] (n) y
 This rock piercer corpse tastes okay.
 You hear a nearby zap.
 You hear something crash through the ground.
 The Uruk-hai shoots 2 poisoned orcish arrows!
 You are hit by the 1st poisoned orcish arrow.
 The poison doesn't seem to affect you.
 You stop eating the rock piercer corpse.
 You catch the orcish arrow! w - a poisoned orcish arrow (9 in total).
 The Uruk-hai shoots 2 poisoned orcish arrows!
 You are hit by the 1st poisoned orcish arrow!
 The poison doesn't seem to affect you.
 You are hit by the 2nd poisoned orcish arrow!
 You hear the howling of the CwnAnnwn...
 The poison doesn't seem to affect you.
 The Uruk-hai shoots 2 poisoned orcish arrows!
 The 1st poisoned orcish arrow misses you.
 The 2nd poisoned orcish arrow misses you.
 You see here a statue of a plains centaur.
 You see here a statue of a plains centaur.
 You see here a statue of a plains centaur.
 The Uruk-hai shoots 2 poisoned orcish arrows!
 The 1st poisoned orcish arrow misses you.
 The 2nd poisoned orcish arrow misses you.
 The Uruk-hai shoots 2 poisoned orcish arrows!
 The 1st poisoned orcish arrow misses you.
 You are hit by the 2nd poisoned orcish arrow.
 The poison doesn't seem to affect you.
 You see here a statue of a plains centaur.
 The Oracle doesn't seem to move!
 The Uruk-hai shoots 2 poisoned orcish arrows!
 You are hit by the 1st poisoned orcish arrow!
 You die...
 Do you want your possessions identified? [ynq] (y) q

Inventory:
 Coins    ('$')
  $ - 213 gold pieces
 Weapons  (')')
  w - 9 poisoned +0 orcish arrows
  x - 7 cursed poisoned -2 orcish arrows
  b - a +0 axe (alternate weapon; not wielded)
  u - a +1 orcish short sword
  a - a +0 two-handed sword (weapon in hands)
 Armor    ('[')
  v - an uncursed +0 pair of iron shoes (being worn)
  A - an uncursed +0 dwarvish mithril-coat
  c - an uncursed +0 ring mail (being worn)
  m - an uncursed +0 scale mail
 Comestibles  ('%')
  d - 2 uncursed food rations
 Scrolls  ('?')
  r - 2 cursed scrolls of create monster
  o - an uncursed scroll of enchant armor
  s - a cursed scroll of genocide
  j - a cursed scroll of identify
  B - a cursed scroll of remove curse
 Potions  ('!')
  p - an uncursed potion of extra healing
  f - a cursed potion of invisibility
  l - an uncursed potion of monster detection
  h - an uncursed potion of sleeping
 Wands    ('/')
  n - a wand of light (0:11)
  k - a wand of probing (0:5)
  z - a wand of speed monster (0:8)

Felix1 the Barbarian's attributes:

Background:
 You were a Bandit, a level 6 male human Barbarian.
 You were neutral, on a mission for Crom
 who was opposed by Mitra (lawful) and Set (chaotic).
 You were right-handed.
 You were in the Dungeons of Doom, on level 5.
 You entered the dungeon 3763 turns ago.
 It was nighttime.
 There was a new moon in effect when your adventure ended.
 You had 424 experience points, 216 more were needed to attain level 7.

Basics:
 You had 0 out of 67 hit points.
 You had all 14 energy points (spell power).
 Your armor class was 5.
 Your wallet contained 213 zorkmids.
 Autopickup was off.

Final Characteristics:
 Your strength was 18/01 (limit:18/100).
 Your dexterity was 16 (peak:17, limit:18).
 Your constitution was 18 (limit:18).
 Your intelligence was 8 (limit:18).
 Your wisdom was 7 (limit:18).
 Your charisma was 6 (limit:18).

Final Status:
 You weren't hungry.
 You were burdened; movement was slightly slowed.
 You were wielding a two-handed sword.
 You were skilled in two-handed sword.

Final Attributes:
 You were piously aligned.
 You were poison resistant.
 You were warded.
 You are dead.

Miscellaneous:
 You encountered 1 bones level.
 Total elapsed playing time was 34 minutes and 28 seconds.

Major events:
 Turn
    1: Felix1 the neutral male human Barbarian entered the dungeon
 1070: attained the rank of Pillager (level 3)
 2253: attained the rank of Bandit (level 6)
 3763: killed by an orcish arrow

You didn't know any spells.

Skills:
 Fighting Skills
   bare handed combat [Basic]
   two weapon combat  [Unskilled]
   riding             [Unskilled]
 Weapon Skills
   dagger             [Unskilled]
   axe                [Basic]
   pick-axe           [Unskilled]
   short sword        [Unskilled]
   broadsword         [Unskilled]
   long sword         [Unskilled]
   two-handed sword   [Skilled]
   saber              [Unskilled]
   club               [Unskilled]
   mace               [Unskilled]
   morning star       [Unskilled]
   flail              [Unskilled]
   hammer             [Unskilled]
   quarterstaff       [Unskilled]
   spear              [Unskilled]
   trident            [Unskilled]
   bow                [Unskilled]
 Spellcasting Skills
   attack spells      [Unskilled]
   escape spells      [Unskilled]

Voluntary challenges:
 Character rerolling was not enabled.
 You were illiterate.
 You never genocided any monsters.
 You never polymorphed an object.
 You never changed form.
 You used no wishes.
Achievements:
 You entered a shop.
 You attained the rank of Pillager.
 You attained the rank of Bandit.

 The Dungeons of Doom: levels 1 to 5
    Level 1:
       A fountain, some sinks.
    Level 2:
       A general store, a fountain.
    Level 3:
       A grave.
    Level 4:
       A fountain.
    Level 5: <- You were here.
       Many fountains.
       Oracle of Delphi.
       Final resting place for
          you, killed by an orcish arrow,
          Sallap-Bar-Hum-Mal-Cha, choked on a coyote corpse.


Vanquished creatures:
  a ghost
 14 Uruk-hai
  2 rock piercers
  a yellow light
  a shrieker
  a violet fungus
  2 elf zombies
  a kitten
  a dwarf
  a homunculus
 an iguana
 an acid blob
  a gas spore
  a hobbit
  2 manes
  a giant rat
  a cave spider
  a yellow mold
  a red mold
  a garter snake
  a gnome zombie
  a gecko
  3 jackals
  3 goblins
  5 sewer rats
  3 grid bugs
  4 lichens
  a kobold zombie
  3 newts
60 creatures vanquished.

No species were genocided or became extinct.

Game over:
                       ----------
                      /          \
                     /    REST    \
                    /      IN      \
                   /     PEACE      \
                  /                  \
                  |      Felix1      |
                  |      213 Au      |
                  |   killed by an   |
                  |   orcish arrow   |
                  |                  |
                  |                  |
                  |       2026       |
                 *|     *  *  *      | *
        _________)/\\_//(\/(/\)/\//\/|_)_______

Goodbye Felix1 the Barbarian...

You died in The Dungeons of Doom on dungeon level 5 with 2088 points,
and 213 pieces of gold, after 3763 moves.
You were level 6 with a maximum of 67 hit points when you died.

